 Dungeon Crawl Stone Soup version 0.29-a0-82-g837932c90e (webtiles) character file.

Game seed: 4392199811320320928

28748 siradein the Grappler (level 13, -7/198 HPs)
             Began as a Troll Berserker on Feb 4, 2022.
             Was a High Priest of Trog.
             Mangled by a hell knight (15 damage)
             ... in a volcano.
             The game lasted 00:49:09 (10465 turns).

siradein the Grappler (Troll Berserker)            Turns: 10465, Time: 00:49:10

Health: -7/198     AC: 19    Str: 28    XL:     13   Next: 11%
Magic:  12/12      EV: 12    Int:  3    God:    Trog [*****.]
Gold:   226        SH:  0    Dex: 19    Spells: 12/12 levels left

rFire   . . .      SeeInvis .     - Unarmed
rCold   . . .      Faith    .   (no shield)
rNeg    . . .      Spirit   .   l - +3 storm dragon scales
rPois   .          Reflect  .   (helmet restricted)
rElec   +          Harm     .   (no cloak)
rCorr   +          Rampage  .   (gloves unavailable)
Will    .....                   (boots unavailable)
Stlth   ..........              (no amulet)
HPRegen 1.23/turn               b - ring of resist corrosion
MPRegen 0.13/turn               x - +6 ring of dexterity

@: berserking, very quick
A: large, unfitting armour, claws 3, regeneration 1, shaggy fur 1, tough skin 1
a: Renounce Religion, Berserk, Trog's Hand, Brothers in Arms


You were in a volcano.
You worshipped Trog.
Trog was extremely pleased with you.
You visited 2 branches of the dungeon, and saw 12 of its levels.
You also visited: Ossuary, Bailey and Volcano.

You collected 581 gold pieces.
You spent 355 gold pieces at shops.

Inventory:

Missiles
 i - 6 large rocks
 k - 20 poisoned darts
 w - 25 boomerangs (quivered)
 D - a throwing net
 I - 3 curare-tipped darts
Armour
 l - +3 storm dragon scales (worn)
 C - a +2 kite shield
Jewellery
 b - a ring of resist corrosion (left claw)
 u - an amulet of magic regeneration
 x - a +6 ring of dexterity (right claw)
 F - a ring of ice
Wands
 c - a wand of digging (4)
 r - a wand of acid (3)
Scrolls
 d - a scroll of fog
 j - a scroll of blinking
 m - a scroll of brand weapon
 t - 2 scrolls of holy word {unknown}
 y - 2 scrolls of immolation {unknown}
 B - 3 scrolls of fear {unknown}
 E - a scroll of teleportation {unknown}
 J - a scroll of magic mapping {unknown}
Potions
 a - 7 potions of might
 e - 7 potions of haste
 f - 4 potions of mutation {unknown}
 g - 2 potions of magic {unknown}
 h - a potion of lignification {unknown}
 n - 2 potions of curing
 o - 3 potions of attraction {unknown}
 p - 6 potions of flight
 q - 4 potions of heal wounds
 s - 3 potions of ambrosia {unknown}
 v - 2 potions of resistance {unknown}
 z - 5 potions of invisibility {unknown}
 A - a potion of berserk rage {unknown}
Miscellaneous
 G - a tin of tremorstones (2/2)
 K - a piece from Xom's chessboard (15/15)


   Skills:
 + Level 9.7 Fighting
 + Level 9.1 Armour
 + Level 9.7 Dodging
 + Level 11.4 Unarmed Combat
 + Level 2.1 Evocations


You had 12 spell levels left.
You didn't know any spells.
Your spell library was empty.

Dungeon Overview and Level Annotations

Branches:
Dungeon (11/15)            Temple (0/1) D:6            Lair (1/6) D:10
    Orc (0/2) D:11        Ossuary (visited)          Bailey (visited)
Volcano (1/1)

Altars:
Cheibriados
Makhleb
Okawaru
Qazlal
Ru
Vehumet
The Shining One
Beogh

Shops:
D:4 [   D:5 !(   D:10 !*


Innate Abilities, Weirdness & Mutations

You are too large for most types of armour.
You have claws for hands.
Your natural rate of healing is unusually fast.
You are covered in fur. (AC +1)
You have tough skin. (AC +1)


Message History

The hell knight hits you but does no damage.
You scratch the hell knight but do no damage.
You claw the hell knight, but do no damage.
The hell knight hits you with a +2 scimitar of flaming!!
* * * LOW HITPOINT WARNING * * *
The hell knight burns you.
* * * LOW HITPOINT WARNING * * *
Unknown command.
The air gets thick with the scent of sulphur.
The hell knight barely misses you.
A red film seems to cover your vision as you go berserk!
You feel yourself moving faster!
You feel mighty! The hell knight misses you.
You claw the hell knight!
The hell knight is moderately wounded.
The hell knight hits you with a +2 scimitar of flaming!
* * * LOW HITPOINT WARNING * * *
The hell knight burns you.
* * * LOW HITPOINT WARNING * * *
You barely miss the hell knight.
The hell knight is moderately wounded.
The hell knight barely misses you.
You scratch the hell knight.
The hell knight is moderately wounded.
The hell knight hits you with a +2 scimitar of flaming.
* * * LOW HITPOINT WARNING * * *
The hell knight burns you.
* * * LOW HITPOINT WARNING * * *
You closely miss the hell knight.
The hell knight is moderately wounded.
In the distance, the volcano erupts with a roar.
You mangle the hell knight!!
The hell knight is severely wounded.
The hell knight hits you with a +2 scimitar of flaming!
* * * LOW HITPOINT WARNING * * *
The hell knight burns you.
* * * LOW HITPOINT WARNING * * *
You claw the hell knight!
The hell knight is almost dead.
The hell knight hits you with a +2 scimitar of flaming!
You die...

#.... #...§ ##..≈§
###...≈≈ ###...§§≈§
#....≈§§§§ ###...≈≈§≈§≈
####### #.....≈≈§≈≈≈
#8.@p.###...§≈§≈≈≈≈§
#####.##..#...§§≈≈≈≈≈≈≈
#≈≈≈.####)#...≈§§≈≈§≈≈§
####.≈≈°#.###..≈§≈≈≈§§≈
#○≈≈.####)##.#..≈≈≈≈§≈≈
####.°○○#.####..§≈≈≈§≈§
#☼☼≈O####.# ###..≈≈§§§≈
####.°☼☼#.###8....≈≈≈§≈
#≈≈≈p####.'.......≈≈§§≈


You could see a hell knight (fast).

Vanquished Creatures
  An orc warlord (Bailey)
  A boulder beetle (D:10)
  2 ogre magi
  5 two-headed ogres
  Nergalle (D:10)
  An obsidian statue (Volcano)
  2 orc knights (Bailey)
  A manticore (D:10)
  A gargoyle (D:11)
  A kobold demonologist (D:10)
  A tengu conjurer (D:10)
  A komodo dragon (D:10)
  6 trolls
  2 hornets (D:10)
  Sigmund (D:6)
  3 wyverns
  A shadow (D:10)
  15 yaks
  A vampire (D:10)
  A basilisk (D:10)
  6 fire bats (Volcano)
  An acid dragon (D:11)
  2 water moccasins
  5 orc warriors
  2 sky beasts
  A black bear (D:4)
  An ogre (D:7)
  8 centaurs
  A phantom (D:5)
  6 kobold brigands
  A gnoll sergeant (D:9)
  4 scorpions
  4 water moccasin zombies (Ossuary)
  2 wyvern skeletons
  4 electric eels (D:11)
  8 wights
  A howler monkey (D:6)
  6 lava snakes (Volcano)
  4 centaur zombies
  A jelly (D:4)
  9 orc priests
  A centaur skeleton (D:3)
  A gnoll shaman (D:7)
  2 hounds
  3 bullfrog skeletons (D:6)
  2 iguanas
  5 orc wizards
  3 mummies
  2 howler monkey zombies (D:9)
  10 adders
  9 gnolls
  A howler monkey skeleton (D:5)
  A white imp (D:8)
  7 adder zombies (Ossuary)
  A dart slug (D:3)
  39 orcs
  6 ball pythons
  4 bats
  3 endoplasms
  2 giant cockroaches
  3 goblins
  7 hobgoblins
  22 kobolds
  3 quokkas
  A frilled lizard (D:1)
  4 hobgoblin zombies (Ossuary)
  6 kobold zombies (Ossuary)
  4 orc zombies (Ossuary)
  4 rats
281 creatures vanquished.

Vanquished Creatures (others)
  A fungus (Lair:1)
  41 plants (D:10)
42 creatures vanquished.

Grand Total: 323 creatures vanquished

Notes
Turn   | Place    | Note
-------+----------+-------------------------------------------
     0 | D:1      | siradein the Troll Berserker began the quest for the Orb.
     0 | D:1      | Reached XP level 1. HP: 22/22 MP: 0/0
   190 | D:1      | Reached XP level 2. HP: 29/29 MP: 1/1
  1073 | D:3      | Reached XP level 3. HP: 37/37 MP: 2/2
  1251 | D:3      | Reached XP level 4. HP: 45/45 MP: 3/3
  1317 | D:3      | Reached ** piety under Trog
  1604 | D:4      | Reached skill level 1 in Armour
  1604 | D:4      | Reached skill level 4 in Unarmed Combat
  1604 | D:4      | Reached XP level 5. HP: 53/53 MP: 4/4
  1814 | D:4      | Found Ritehef's Armour Emporium.
  1893 | D:4      | Found a sand-covered staircase.
  1903 | Ossuary  | Entered an ossuary
  1942 | Ossuary  | Reached XP level 6. HP: 62/62 MP: 5/5
  2030 | Ossuary  | Reached *** piety under Trog
  2449 | D:4      | Reached XP level 7. HP: 66/70 MP: 6/6
  2717 | D:5      | Entered Level 5 of the Dungeon
  2729 | D:5      | Identified the +4 hunting sling of the Lesser Evil {vorpal,
                  | Fragile rN+++ Int+5}
  2802 | D:5      | Reached skill level 5 in Unarmed Combat
  2850 | D:5      | Found Oni Laro's Distillery.
  2884 | D:5      | Bought a potion of degeneration for 13 gold pieces
  2884 | D:5      | Bought a potion of curing for 39 gold pieces
  2884 | D:5      | Bought a potion of heal wounds for 65 gold pieces
  2902 | D:5      | Found Ucuoha Doga's Weapon Shop.
  3734 | D:6      | Reached XP level 8. HP: 79/79 MP: 7/7
  3774 | D:6      | Noticed Sigmund
  3801 | D:6      | Killed Sigmund
  3820 | D:6      | Found a staircase to the Ecumenical Temple.
  3840 | D:6      | Reached skill level 5 in Dodging
  3843 | D:6      | Reached skill level 5 in Fighting
  3843 | D:6      | Reached skill level 6 in Unarmed Combat
  4151 | D:6      | Identified the +5 dagger of Olimmous {freeze, Str+3 Stlth+}
  4365 | D:7      | Reached XP level 9. HP: 76/88 MP: 8/8
  4427 | D:7      | Reached **** piety under Trog
  4570 | D:7      | Reached skill level 7 in Unarmed Combat
  4930 | D:8      | Reached skill level 5 in Armour
  4966 | D:8      | Identified the +6 mace "Vepn" {drain, Int+2 Dex-2 Stlth+}
  5827 | D:9      | Found a flagged portal.
  5828 | D:9      | Found a snail-covered altar of Cheibriados.
  5901 | Bailey   | Entered a bailey
  5911 | Bailey   | Noticed an orc warlord
  5988 | Bailey   | Noticed an orc knight
  5989 | Bailey   | Noticed an orc knight
  6059 | Bailey   | Found a runed translucent gate.
  6059 | Bailey   | Found a runed translucent gate.
  6059 | Bailey   | Found a runed translucent gate.
  6528 | Bailey   | Killed an orc knight
  6529 | Bailey   | Reached skill level 8 in Unarmed Combat
  6529 | Bailey   | Reached XP level 10. HP: 54/100 MP: 9/9
  6802 | Bailey   | Killed an orc knight
  7202 | Bailey   | Killed an orc warlord
  7392 | D:9      | Found a burning altar of Makhleb.
  7392 | D:9      | Found an iron altar of Okawaru.
  7416 | D:9      | Found a stormy altar of Qazlal.
  7418 | D:9      | Found a sacrificial altar of Ru.
  7420 | D:9      | Found a radiant altar of Vehumet.
  7655 | D:10     | Entered Level 10 of the Dungeon
  7655 | D:10     | Noticed a two-headed ogre
  7753 | D:9      | Killed a two-headed ogre
  7922 | D:10     | Noticed a two-headed ogre
  7929 | D:10     | Killed a two-headed ogre
  7930 | D:10     | Reached skill level 9 in Unarmed Combat
  7998 | D:10     | Found Sousuipso's General Store.
  8032 | D:10     | Reached XP level 11. HP: 51/110 MP: 10/10
  8122 | D:10     | Found Alieg's Distillery.
  8200 | D:10     | Paralysed by a hornet for 2 turns
  8209 | D:10     | Paralysed by a hornet for 3 turns
  8214 | D:10     | Paralysed by a hornet for 3 turns
  8306 | D:10     | Bought a potion of flight for 42 gold pieces
  8306 | D:10     | Bought a potion of might for 56 gold pieces
  8306 | D:10     | Bought a potion of haste for 140 gold pieces
  8332 | D:10     | Found a glowing golden altar of the Shining One.
  8408 | D:10     | Noticed Nergalle
  8416 | D:10     | Killed Nergalle
  8558 | D:10     | Noticed a boulder beetle
  8578 | D:10     | Killed a boulder beetle
  8602 | D:10     | Reached skill level 10 in Unarmed Combat
  8602 | D:10     | Reached XP level 12. HP: 123/123 MP: 11/11
  8628 | D:10     | Noticed an ogre mage
  8652 | D:10     | Killed an ogre mage
  8863 | D:10     | Found a staircase to the Lair.
  8924 | D:10     | Reached skill level 11 in Unarmed Combat
  9166 | D:11     | Noticed a two-headed ogre
  9179 | D:11     | Killed a two-headed ogre
  9256 | D:11     | Reached skill level 1 in Evocations
  9307 | D:11     | Found a staircase to the Orcish Mines.
 10039 | Lair:1   | Entered Level 1 of the Lair of Beasts
 10048 | Lair:1   | Found a dark tunnel.
 10054 | Volcano  | Entered a volcano
 10275 | Volcano  | Reached XP level 13. HP: 110/131 MP: 12/12
 10421 | Volcano  | Reached ***** piety under Trog
 10464 | Volcano  | HP: 8/198 [hell knight (2)]
 10465 | Volcano  | Mangled by a hell knight

Illustrated notes

Levels and vault maps discovered:
D:1:      minmay_arrival_four_circles, layout_loops_ring
D:2:      layout_rooms
D:3:      layout_loops_ring, moated_statue, chequers_serial_rivers_micro_a
D:4:      layout_loops_corners, gup_ossuary_entry_pyramid, serial_shops,
          nicolae_shop_competitors_out_of_business, grunt_decor_cap
D:5:      layout_cave_pods, serial_shops, shop, shop, minmay_misc_feat_doors
D:6:      layout_cave_pools, minmay_temple_entry_ruins, uniq_sigmund
D:7:      layout_cave_pools
D:8:      layout_loops_corners, nrook_mini_backslash
D:9:      layout_rooms, chequers_temple_overflow_minitemple,
          mainiacjoe_overflow_tiny_flanked, enter_bailey_2
D:10:     layout_roguey, nicolae_tso_swordbearing_angel, david_lair_shrubbed,
          serial_shops, nicolae_shop_hallway_stairs, shop,
          minmay_pinched_square, uniq_nergalle
D:11:     layout_basic, minmay_orc_entry_temple_small
Lair:1:   layout_loops_ring, nicolae_volcano_entry_hallway, uniq_erica
Volcano:  volcano_grotto [vgs_trial_by_fire]

Skill      XL: |  1  2  3  4  5  6  7  8  9 10 11 12 13 |
---------------+----------------------------------------+-----
Fighting       | 3 4 5 6 7 9 |  9.7
Dodging        | 3 4 5 6 7 9 |  9.7
Armour         | 1 2 3 4 5 6 8 9 |  9.1
Unarmed Combat | 4 5 6 8 9 10 11 | 11.4
Evocations     | 1 2 |  2.1

Action                   |  1- 3 |  4- 6 |  7- 9 | 10-12 | 13-15 || total
-------------------------+-------+-------+-------+-------+-------++-------
Melee: Unarmed           |    69 |   161 |   342 |   372 |    33 ||   977
       Punch             |     1 |     2 |    12 |    34 |     3 ||    52
Throw: Boomerang         |       |       |     4 |     8 |     1 ||    13
       Dart              |       |       |    18 |    35 |       ||    53
       Large rock        |       |       |     6 |       |       ||     6
       Throwing net      |       |       |     1 |       |       ||     1
Invok: Trog's Hand       |       |       |     1 |     4 |       ||     5
       Berserk           |       |       |       |     4 |     1 ||     5
       Brothers in Arms  |       |       |       |     1 |       ||     1
  Use: Scroll            |       |       |     8 |     2 |     2 ||    12
       Potion            |       |       |       |     2 |     1 ||     3
 Stab: Sleeping          |     1 |       |       |       |       ||     1
Armor: Animal skin       |    26 |       |       |       |       ||    26
       Storm dragon scal |    12 |    80 |   186 |   174 |    12 ||   464
Dodge: Dodged            |    42 |    55 |   155 |   162 |    14 ||   428
Block: Kite shield       |       |       |     1 |       |       ||     1

Table legend: (Time is in decaauts)
 A = Elapsed time spent in this place.
 B = Non-inter-level travel time spent in this place.
 C = Inter-level travel time spent in this place.
 D = Time resting spent in this place.
 E = Time spent auto-exploring this place.
 F = Levels seen in this place.
 G = Mean time per level.
                   A        B        C        D        E       F      G
               +--------+--------+--------+--------+--------+-----+--------+
         Total |  10424 |  10008 |    416 |    324 |   6460 |  15 |  694.9 |
       Dungeon |   8362 |   7946 |    416 |    220 |   5853 |  11 |  760.2 |
          Lair |     13 |     13 |      0 |      0 |      0 |   1 |   13.0 |
       Ossuary |    202 |    202 |      0 |      0 |     92 |   1 |  202.0 |
        Bailey |   1445 |   1445 |      0 |     53 |    325 |   1 | 1445.0 |
       Volcano |    400 |    400 |      0 |     50 |    190 |   1 |  400.0 |
               +--------+--------+--------+--------+--------+-----+--------+

Top non-repeatable levels by time:
  Bailey: 1445 daAuts
    D:10: 1215 daAuts
     D:5: 992 daAuts
     D:4: 946 daAuts
    D:11: 919 daAuts
     D:8: 848 daAuts
     D:9: 779 daAuts
     D:1: 639 daAuts
     D:7: 574 daAuts
     D:6: 535 daAuts
     D:3: 496 daAuts
     D:2: 414 daAuts
 Volcano: 400 daAuts
 Ossuary: 202 daAuts
  Lair:1: 13 daAuts
